 Dungeon Crawl Stone Soup version 0.20-a0-540-ge6d1839 (webtiles) character file.

565 Duffy the Chopper (level 7, -9/60 HPs)
             Began as a Naga Gladiator on Jan 29, 2017.
             Was a Follower of Makhleb.
             Killed by divine providence
             ... invoked by an orc priest
              (12 damage)
             ... on level 4 of the Dungeon.
             The game lasted 00:03:30 (4205 turns).

Duffy the Chopper (Naga Gladiator)                  Turns: 4205, Time: 00:03:31

Health: -9/60      AC: 10    Str: 15 (18) XL:     7   Next: 32%
Magic:  7/7        EV:  3    Int:  8 (9)  God:    Makhleb [*.....]
Gold:   193        SH:  0    Dex: 11 (12) Spells: 6/6 levels left

rFire    + . .     SeeInvis +   a - +0 war axe
rCold    . . .     Gourm    .   g - +0 plate armour
rNeg     . . .     Faith    .   (no shield)
rPois    +         Spirit   .   c - +0 helmet
rElec    .         Reflect  .   (no cloak)
rCorr    .         Harm     .   (no gloves)
MR       +....                  (no barding)
Stlth    ..........             (no amulet)
Regen    0.2/turn               u - ring of protection from magic
                                o - ring of protection from fire

@: very slightly contaminated, very slow
A: see invisible, deformed body, poison resistance, slowness 2, slow metabolism
1, spit poison 1, AC +2
a: Spit Poison, Renounce Religion


You were on level 4 of the Dungeon.
You worshipped Makhleb.
Makhleb was aware of your devotion.
You were hungry.

You visited 1 branch of the dungeon, and saw 4 of its levels.

You collected 193 gold pieces.

Inventory:

Hand Weapons
 a - a +0 war axe (weapon)
Missiles
 d - 3 throwing nets (quivered)
Armour
 c - a +0 helmet (worn)
 g - a +0 plate armour (worn)
Jewellery
 o - a ring of protection from fire (left hand)
 u - a ring of protection from magic (right hand)
Scrolls
 e - 2 scrolls of amnesia {unknown}
 k - 2 scrolls of recharging
 l - a scroll of enchant armour {unknown}
 m - 3 scrolls of teleportation
 s - a scroll of magic mapping {unknown}
 w - a scroll of noise {unknown}
Potions
 b - 2 potions of curing
 r - a potion of cure mutation
Comestibles
 f - 3 bread rations
 j - a meat ration
 n - a fruit
 p - a royal jelly


   Skills:
 - Level 2.0 Fighting
 + Level 6.2 Axes
 - Level 1.7 Throwing
 - Level 4.2 Armour
 - Level 2.4 Dodging


You had 6 spell levels left.
You didn't know any spells.

Dungeon Overview and Level Annotations

Branches:
Dungeon (4/15)
 Temple: D:4-7

Altars:
Fedhas
Makhleb
Nemelex Xobeh

Annotations:
D:4 Graouh's ghost, amateur MiFi


Innate Abilities, Weirdness & Mutations

You cannot wear boots.
Your serpentine skin is tough. (AC +2)
You have supernaturally acute eyesight. (SInv)
Armour fits poorly on your strangely shaped body.
Your system is resistant to poisons. (rPois)
You cover ground very slowly.
You have a slow metabolism.
You can spit poison.


Message History

Beogh smites you!
You hit the orc.
The orc is severely wounded.
The orc hits you but does no damage.
You closely miss the orc.
The orc is severely wounded.
The orc barely misses you.
An orc comes into view.
Your plate armour prevents you from hitting the orc.
The orc is severely wounded.
The orc hits you but does no damage.
You slash the orc!
You kill the orc!
Makhleb accepts your kill.
The orc priest begins to cast a cantrip, but forgets the words!
You completely miss the orc. The orc hits you.
You closely miss the orc. The orc hits you.
The orc priest mumbles some strange prayers to Beogh against you.
Beogh smites you!
You die...

#### ..# ##
#.##.##
#.#...##
####....(.##
#oo@.......#
#.##......##
#. #.#...##
#. #.##.##
.. ..# .#
#.#### #. #.
#. #o #.


You could see an orc priest and an orc.

Vanquished Creatures
  Sigmund (D:3)
  A black bear (D:3)
  A bullfrog zombie (D:3)
  A bullfrog skeleton (D:4)
  A hound (D:4)
  An orc wizard (D:4)
  7 adders
  2 oozes
  2 worms (D:3)
  7 dart slugs
  2 leopard geckos (D:1)
  7 orcs
  3 ball pythons
  7 bats
  5 giant cockroaches
  7 goblins
  8 hobgoblins
  17 jackals
  7 kobolds
  2 quokkas
  A ball python skeleton (D:4)
  9 frilled lizards
  10 rats
109 creatures vanquished.

Notes
Turn   | Place    | Note
-------+----------+-------------------------------------------
     0 | D:1      | Duffy the Naga Gladiator began the quest for the Orb.
     0 | D:1      | Reached XP level 1. HP: 19/19 MP: 1/1
   292 | D:1      | Reached XP level 2. HP: 23/26 MP: 2/2
   434 | D:1      | Reached skill level 1 in Armour
   497 | D:1      | Reached XP level 3. HP: 32/32 MP: 3/3
  1276 | D:2      | Reached XP level 4. HP: 37/39 MP: 4/4
  1445 | D:2      | Found a burning altar of Makhleb.
  1449 | D:2      | Became a worshipper of Makhleb the Destroyer
  1459 | D:2      | Found a blossoming altar of Fedhas.
  1987 | D:3      | Reached skill level 4 in Axes
  2568 | D:3      | Reached XP level 5. HP: 43/45 MP: 5/5
  3075 | D:3      | Reached * piety under Makhleb
  3324 | D:3      | Noticed a black bear
  3336 | D:3      | HP: 2/45 [black bear (2)]
  3337 | D:3      | Killed a black bear
  3337 | D:3      | Reached skill level 5 in Axes
  3337 | D:3      | Reached XP level 6. HP: 3/52 MP: 6/6
  3647 | D:3      | Noticed Sigmund
  3658 | D:3      | Killed Sigmund
  3658 | D:3      | Reached XP level 7. HP: 42/60 MP: 7/7
  4032 | D:4      | Found a sparkling altar of Nemelex Xobeh.
  4093 | D:4      | Noticed Graouh's ghost (amateur MiFi)
  4106 | D:4      | Reached skill level 6 in Axes
  4204 | D:4      | HP: 3/60 [orc (3)]
  4205 | D:4      | Killed from afar by an orc priest

Vault maps used:
D:1:      dpeg_arrival_castle, minmay_lizard_pond
D:2:      amethyst_overflow_temple_binary, first_bread
D:3:      uniq_sigmund
D:4:      kennysheep_mini, serial_shops, shop_statue

Skill      XL: |  1  2  3  4  5  6  7 |
---------------+----------------------+-----
Armour         | 1 2 3 4 |  4.2
Axes           | 4 5 6 |  6.2
Fighting       | |  2.0
Throwing       | |  1.7
Dodging        | |  2.4

Action                   |  1- 3 |  4- 6 |  7- 9 || total
-------------------------+-------+-------+-------++-------
Melee: War axe           |   110 |   243 |    45 ||   398
 Abil: Spit Poison       |       |     4 |       ||     4
  Use: Scroll            |       |     4 |     1 ||     5
       Potion            |       |     1 |     3 ||     4
 Stab: Invisible         |       |       |     3 ||     3
  Eat: Chunk             |     1 |     6 |     1 ||     8
Armor: Plate armour      |    91 |   237 |    30 ||   358
Dodge: Dodged            |    20 |    62 |     4 ||    86
